MLB
MINNESOTA TWINS @ KANSAS CITY ROYALS
05/03/2042
 
TOP OF THE 1ST
Minnesota Twins batting - Pitching for Kansas City Royals : RHP Xavier Rose
Pitching: RHP Xavier Rose
Batting: RHB Cecilio Kendall 0-0: Called Strike
0-1: Ball
1-1: Ground out 6-3 (Groundball, 6, EV 90.0 MPH)
Batting: LHB Ánibal Santos 0-0: Foul Ball, location: 7LSF
0-1: Ball
1-1: Ball
2-1: Foul Ball, location: 23FF
2-2: Ball
3-2: Ground out U3 (Groundball, 3S, EV 89.4 MPH)
Batting: LHB Joe Anderson 0-0: Foul Ball, location: 25F
0-1: Fly out, F9 (Flyball, 89M, EV 91.9 MPH)
Top of the 1st over - 0 runs, 0 hits, 0 errors, 0 left on base; Minnesota 0 - Kansas City 0
BOTTOM OF THE 1ST
Kansas City Royals batting - Pitching for Minnesota Twins : RHP Ben Montgomery
Pitching: RHP Ben Montgomery
Batting: LHB Joe Jacobson 0-0: Called Strike
0-1: Ball
1-1: Ball
2-1: Foul Ball, location: 23F
2-2: SINGLE (Groundball, 34D, EV 103.8 MPH)
Batting: RHB Jerry Hodge 0-0: Called Strike
0-1: Ball
1-1: SINGLE (Flyball, 34D, EV 98.8 MPH)
Joe Jacobson to second
Batting: LHB Luis Díaz 0-0: Ball
1-0: Ball
2-0: Foul Ball, location: 2F
2-1: Foul Ball, location: 2F
2-2: Foul Ball, location: 3DF
2-2: Fly out, F9 (Line Drive, 9S, EV 90.6 MPH)
Batting: RHB José Ramos 0-0: Called Strike
0-1: Ball
1-1: Called Strike
1-2: Ball
2-2: Foul Ball, location: 7LMF
2-2: Strikes out swinging
Batting: LHB Kade Brown 0-0: Ball
1-0: Ball
2-0: Ground out U3 (Groundball, 3, EV 83.8 MPH)
Bottom of the 1st over - 0 runs, 2 hits, 0 errors, 2 left on base; Minnesota 0 - Kansas City 0
TOP OF THE 2ND
Minnesota Twins batting - Pitching for Kansas City Royals : RHP Xavier Rose
Batting: RHB Mike Hudson 0-0: Called Strike
0-1: DOUBLE (Groundball, 5L, EV 104.4 MPH)
Batting: SHB Steve Sanders 0-0: Ball
1-0: Ball
2-0: 2-RUN HOME RUN (Flyball, 9LD, EV 94.4 MPH), Distance : 359 ft
Batting: LHB Pancho Cervantez 0-0: Ball
1-0: Fly out, F6 (Popup, P, EV 83.1 MPH)
Batting: LHB Kaspar Linge 0-0: Ball
1-0: Foul Ball, location: 23F
1-1: Foul Ball, location: 7LMF
1-2: Strikes out swinging
Batting: RHB Chris Porter 0-0: Swinging Strike
0-1: Ball
1-1: Swinging Strike
1-2: Ball
2-2: Strikes out swinging
Top of the 2nd over - 2 runs, 2 hits, 0 errors, 0 left on base; Minnesota 2 - Kansas City 0
BOTTOM OF THE 2ND
Kansas City Royals batting - Pitching for Minnesota Twins : RHP Ben Montgomery
Batting: RHB Jorge Velázquez 0-0: Called Strike
0-1: Called Strike
0-2: Ground out 3-1 (Groundball, 34S, EV 88.1 MPH)
Batting: SHB Joseph Tornatore 0-0: Called Strike
0-1: Ball
1-1: Called Strike
1-2: Ball
2-2: Strikes out swinging
Batting: RHB Chad Morgan 0-0: Called Strike
0-1: Called Strike
0-2: Ground out 5-3 (Groundball, 56S, EV 65.0 MPH)
Bottom of the 2nd over - 0 runs, 0 hits, 0 errors, 0 left on base; Minnesota 2 - Kansas City 0
TOP OF THE 3RD
Minnesota Twins batting - Pitching for Kansas City Royals : RHP Xavier Rose
Batting: LHB Liberaratore Eli 0-0: Ball
1-0: Ground out 4-3 (Groundball, 4, EV 106.9 MPH)
Batting: RHB Cecilio Kendall 0-0: Ball
1-0: Ground out 5-3 (Groundball, 56, EV 85.0 MPH)
Batting: LHB Ánibal Santos 0-0: Called Strike
0-1: Fly out, F7 (Flyball, 7D, EV 100.0 MPH)
Top of the 3rd over - 0 runs, 0 hits, 0 errors, 0 left on base; Minnesota 2 - Kansas City 0
BOTTOM OF THE 3RD
Kansas City Royals batting - Pitching for Minnesota Twins : RHP Ben Montgomery
Batting: RHB Cliff O'Halloran 0-0: Called Strike
0-1: Foul Ball, location: 7LMF
0-2: Foul Ball, location: 5FF
0-2: Strikes out looking
Batting: LHB Joe Jacobson 0-0: Called Strike
0-1: Called Strike
0-2: Ball
1-2: Ball
2-2: Strikes out swinging
Batting: RHB Jerry Hodge 0-0: Foul Ball, location: 9LDF
0-1: Ball
1-1: Foul Ball, location: 7LMF
1-2: Foul Ball, location: 25F
1-2: Strikes out looking
Bottom of the 3rd over - 0 runs, 0 hits, 0 errors, 0 left on base; Minnesota 2 - Kansas City 0
TOP OF THE 4TH
Minnesota Twins batting - Pitching for Kansas City Royals : RHP Xavier Rose
Batting: LHB Joe Anderson 0-0: Ball
1-0: Fly out, F7 (Flyball, 7D, EV 90.6 MPH)
Batting: RHB Mike Hudson 0-0: Ball
1-0: Called Strike
1-1: Called Strike
1-2: Ball
2-2: Ball
3-2: Foul Ball, location: 9LSF
3-2: Fly out, F3 (Popup, 3S, EV 78.1 MPH)
Batting: SHB Steve Sanders 0-0: Ball
1-0: Fly out, F9 (Flyball, 9, EV 94.4 MPH)
Top of the 4th over - 0 runs, 0 hits, 0 errors, 0 left on base; Minnesota 2 - Kansas City 0
BOTTOM OF THE 4TH
Kansas City Royals batting - Pitching for Minnesota Twins : RHP Ben Montgomery
Batting: LHB Luis Díaz 0-0: Ball
1-0: Ball
2-0: Swinging Strike
2-1: Ball
3-1: Called Strike
3-2: Fly out, F9 (Flyball, 9D, EV 86.9 MPH)
Batting: RHB José Ramos 0-0: Called Strike
0-1: Fly out, F9 (Flyball, 89M, EV 98.1 MPH)
Batting: LHB Kade Brown 0-0: Foul Ball, location: 2F
0-1: Ball
1-1: Foul Ball, location: 7LMF
1-2: Ball
2-2: Foul Ball, location: 5SF
2-2: Ball
3-2: Base on Balls
Batting: RHB Jorge Velázquez 0-0: Foul Ball, location: 9LSF
0-1: Called Strike
0-2: 2-RUN HOME RUN (Flyball, 7D, EV 98.1 MPH), Distance : 372 ft
Batting: SHB Joseph Tornatore 0-0: Ball
1-0: Ground out 5-3 (Groundball, 5, EV 86.3 MPH)
Bottom of the 4th over - 2 runs, 1 hit, 0 errors, 0 left on base; Minnesota 2 - Kansas City 2
TOP OF THE 5TH
Minnesota Twins batting - Pitching for Kansas City Royals : RHP Xavier Rose
Batting: LHB Pancho Cervantez 0-0: Ball
1-0: Called Strike
1-1: Fly out, F5 (Popup, 5F, EV 58.1 MPH)
Batting: LHB Kaspar Linge 0-0: Swinging Strike
0-1: Ball
1-1: SINGLE (Flyball, 56D, EV 96.9 MPH)
Batting: RHB Chris Porter 0-0: Ball
1-0: Ball
Kaspar Linge steals 2nd base
2-0: Foul Ball, location: 2F
2-1: Foul Ball, location: 2F
2-2: Ball
3-2: Foul Ball, location: 9LDF
3-2: Fly out, F8 (Flyball, 8RD, EV 108.1 MPH)
Batting: LHB Liberaratore Eli 0-0: Called Strike
0-1: Foul Ball, location: 7LDF
0-2: Ball
1-2: Strikes out swinging
Top of the 5th over - 0 runs, 1 hit, 0 errors, 1 left on base; Minnesota 2 - Kansas City 2
BOTTOM OF THE 5TH
Kansas City Royals batting - Pitching for Minnesota Twins : RHP Ben Montgomery
Batting: RHB Chad Morgan 0-0: Swinging Strike
0-1: Foul Ball, location: 9LDF
0-2: Foul Ball, location: 2F
0-2: Strikes out swinging
Batting: RHB Cliff O'Halloran 0-0: Foul Ball, location: 23F
0-1: Called Strike
0-2: Ball
1-2: SINGLE (Groundball, 6MD, EV 105.0 MPH)
Batting: LHB Joe Jacobson 0-0: Ball
1-0: Called Strike
1-1: Swinging Strike
1-2: DOUBLE (Flyball, 8LXD, EV 91.9 MPH)
Cliff O'Halloran to third
Cliff O'Halloran scores
Batting: RHB Jerry Hodge 0-0: Ball
1-0: Ground out 6-3 (Groundball, 6, EV 70.0 MPH)
Joe Jacobson to third
Batting: LHB Luis Díaz 0-0: Ball
1-0: Called Strike
1-1: Ball
2-1: Ball
3-1: Base on Balls
Batting: RHB José Ramos 0-0: Foul Ball, location: 5F
0-1: Ball
1-1: Ball
2-1: Called Strike
2-2: Ball
3-2: Fly out, F7 (Flyball, 7, EV 78.1 MPH)
Bottom of the 5th over - 1 run, 2 hits, 0 errors, 2 left on base; Minnesota 2 - Kansas City 3
TOP OF THE 6TH
Minnesota Twins batting - Pitching for Kansas City Royals : RHP Xavier Rose
Batting: RHB Cecilio Kendall 0-0: Ball
1-0: Ball
2-0: Ball
3-0: SINGLE (Groundball, 34D, EV 100.0 MPH)
Batting: LHB Ánibal Santos 0-0: Ball
1-0: Foul Ball, location: 7LDF
1-1: Ball
2-1: Foul Ball, location: 3F
2-2: Ball
3-2: Fielders Choice at 2nd, 4-6 (Groundball, 34, EV 105.0 MPH)
Batting: LHB Joe Anderson 0-0: Called Strike
0-1: Ball
1-1: Grounds into double play, 4-6-3 (Groundball, 34D, EV 104.4 MPH)
Top of the 6th over - 0 runs, 1 hit, 0 errors, 0 left on base; Minnesota 2 - Kansas City 3
BOTTOM OF THE 6TH
Kansas City Royals batting - Pitching for Minnesota Twins : RHP Ben Montgomery
Batting: LHB Kade Brown 0-0: Ball
1-0: Ball
2-0: DOUBLE (Line Drive, 7LS, EV 101.3 MPH)
Batting: RHB Jorge Velázquez 0-0: Called Strike
0-1: Foul Ball, location: 5SF
0-2: Ball
1-2: Ground out 4-3 (Groundball, 4MD, EV 95.6 MPH)
Kade Brown to third
Batting: SHB Joseph Tornatore 0-0: Intentional Walk
Pitching: RHP Lúcio Barrios
Batting: RHB Chad Morgan 0-0: Foul Ball, location: 23FF
0-1: 3-RUN HOME RUN (Flyball, 8LXD, EV 110.6 MPH), Distance : 439 ft
Batting: RHB Cliff O'Halloran 0-0: Called Strike
0-1: Ball
1-1: Ball
2-1: Foul Ball, location: 5F
2-2: Ball
3-2: Foul Ball, location: 9LSF
3-2: Base on Balls
Batting: LHB Joe Jacobson 0-0: Foul Ball, location: 9LMF
0-1: SINGLE (Line Drive, 8RS, EV 109.4 MPH)
Cliff O'Halloran to second
Batting: RHB Jerry Hodge 0-0: Called Strike
0-1: Swinging Strike
0-2: Foul Ball, location: 2F
0-2: Ball
1-2: Ball
Wild Pitch!
Cliff O'Halloran to third
Joe Jacobson to second
2-2: Fly out, F6 (Popup, 56, EV 60.6 MPH)
Batting: LHB Luis Díaz 0-0: Intentional Walk
Batting: RHB José Ramos 0-0: Swinging Strike
0-1: Ball
1-1: Foul Ball, location: 2F
1-2: Strikes out swinging
Bottom of the 6th over - 3 runs, 3 hits, 0 errors, 3 left on base; Minnesota 2 - Kansas City 6
TOP OF THE 7TH
Minnesota Twins batting - Pitching for Kansas City Royals : RHP Xavier Rose
Batting: RHB Mike Hudson 0-0: Swinging Strike
0-1: Swinging Strike
0-2: Ball
1-2: Strikes out swinging
Batting: SHB Steve Sanders 0-0: Ball
1-0: Called Strike
1-1: Ball
2-1: Foul Ball, location: 5FF
2-2: Ground out 4-3 (Groundball, 4, EV 76.3 MPH)
Batting: LHB Pancho Cervantez 0-0: Foul Ball, location: 2F
0-1: Called Strike
0-2: Strikes out swinging
Top of the 7th over - 0 runs, 0 hits, 0 errors, 0 left on base; Minnesota 2 - Kansas City 6
BOTTOM OF THE 7TH
Kansas City Royals batting - Pitching for Minnesota Twins : RHP Lúcio Barrios
Batting: LHB Kade Brown 0-0: Ball
1-0: Called Strike
1-1: SINGLE (Line Drive, 7S, EV 95.6 MPH)
Batting: RHB Jorge Velázquez 0-0: Fly out, F4 (Popup, 4M, EV 70.0 MPH)
Batting: SHB Joseph Tornatore 0-0: Swinging Strike
0-1: Fly out, F8 (Flyball, 8LXD, EV 105.6 MPH)
Batting: RHB Chad Morgan 0-0: Called Strike
0-1: Ball
Kade Brown steals 2nd base
1-1: Foul Ball, location: 2F
1-2: Strikes out looking
Bottom of the 7th over - 0 runs, 1 hit, 0 errors, 1 left on base; Minnesota 2 - Kansas City 6
TOP OF THE 8TH
Minnesota Twins batting - Pitching for Kansas City Royals : RHP Xavier Rose
Batting: LHB Kaspar Linge 0-0: Ball
1-0: Foul Ball, location: 2F
1-1: Swinging Strike
1-2: Foul Ball, location: 2F
1-2: Ball
2-2: Ball
3-2: DOUBLE (Groundball, 3L, EV 98.1 MPH)
Pinch Hitting: SHB Ron Richards 0-0: Ball
1-0: Foul Ball, location: 2F
1-1: Called Strike
1-2: Ball
2-2: Foul Ball, location: 7LMF
2-2: Foul Ball, location: 25FF
2-2: Fly out, F5 (Popup, 5SF, EV 81.9 MPH)
Pitching: LHP Tim Foster
Batting: LHB Liberaratore Eli 0-0: Ball
1-0: Called Strike
1-1: Ball
2-1: Ball
3-1: Called Strike
3-2: Strikes out swinging
Batting: RHB Cecilio Kendall 0-0: Called Strike
0-1: Ground out 5-3 (Groundball, 5L, EV 105.0 MPH)
Top of the 8th over - 0 runs, 1 hit, 0 errors, 1 left on base; Minnesota 2 - Kansas City 6
BOTTOM OF THE 8TH
Kansas City Royals batting - Pitching for Minnesota Twins : RHP Lúcio Barrios
Now at 3B: Kaspar Linge
Now at SS: Ángelo Sánchez
Batting: RHB Cliff O'Halloran 0-0: Called Strike
0-1: Ball
1-1: Foul Ball, location: 3F
1-2: Ball
2-2: Foul Ball, location: 5F
2-2: Strikes out swinging
Batting: LHB Joe Jacobson 0-0: Called Strike
0-1: Ground out 6-3 (Groundball, 6, EV 80.0 MPH)
Batting: RHB Jerry Hodge 0-0: Ball
1-0: Foul Ball, location: 23FF
1-1: Ball
2-1: Foul Ball, location: 5FF
2-2: Ball
3-2: Strikes out swinging
Bottom of the 8th over - 0 runs, 0 hits, 0 errors, 0 left on base; Minnesota 2 - Kansas City 6
TOP OF THE 9TH
Minnesota Twins batting - Pitching for Kansas City Royals : LHP Tim Foster
Pitching: RHP Ron Davis
Batting: LHB Ánibal Santos 0-0: Ground out 3-1 (Groundball, 34, EV 105.0 MPH)
Batting: LHB Joe Anderson 0-0: Called Strike
0-1: Ball
1-1: Foul Ball, location: 5F
1-2: Ball
2-2: Ball
3-2: Strikes out swinging
Batting: RHB Mike Hudson 0-0: Swinging Strike
0-1: Swinging Strike
0-2: Strikes out swinging
Top of the 9th over - 0 runs, 0 hits, 0 errors, 0 left on base; Minnesota 2 - Kansas City 6
Friday, May 3rd , 2024 - OOTP Baseball 24.10 Build 82